[Event "Titled Tuesday Blitz August 22 Early 2023"]
[White "Andrade Truyol, Geiner Jose"]
[Black "Womacka, Mathias"]
[WhiteFideId "4431987"]
[BlackFideId "4611390"]
[WhiteElo "2216"]
[BlackElo "2456"]
[Result "0-1"]
[Round "2"]
[TimeControl "180+1"]
[Date "2023.08.22"]
[WhiteClock "0:00:09"]
[BlackClock "0:00:33"]
[Board "237"]

1. e4 c5 2. Nf3 d6 3. d4 cxd4 4. Nxd4 Nf6 5. Nc3 a6 6. Bc4 e6 7. Bb3 b5 8. O-O Be7 9. f4 O-O 10. f5 b4 11. Na4 e5 12. Ne2 Bb7 13. Ng3 Nbd7 14. Qe2 Qc7 15. Kh1 a5 16. Bg5 Ba6 17. Qf3 Bxf1 18. Rxf1 h6 19. Be3 Qc6 20. h3 Bd8 21. Re1 Nb6 22. Bxb6 Bxb6 23. Nh5 Nxh5 24. Qxh5 Bd8 25. Qd1 Rc8 26. c3 Bg5 27. Bd5 Qc7 28. c4 Rb8 29. b3 Qe7 30. Rf1 Qf6 31. Rf3 Bf4 32. g3 Bg5 33. Kh2 h5 34. h4 Bh6 35. Nb2 Kh7 36. Nd3 Qe7 37. f6 gxf6 38. Rf5 Rg8 39. Qxh5 Rg6 40. g4 Rf8 41. Kh3 Kg7 42. g5 fxg5 43. hxg5 Rxg5 44. Rxg5+ Qxg5 45. Qxg5+ Bxg5 46. Kg4 Be3 47. Ne1 Rh8 48. Nf3 Rh1 49. Nh4 Kf6 50. Nf5 Bc5 51. Kf3 Ra1 52. Ng3 Rxa2 53. Nh5+ Kg5 54. Ng3 Rb2 55. Nf5 Rxb3+ 56. Ke2 a4 57. Kd2 a3 58. Ne7 a2 59. Bxf7 a1=Q 0-1


[Site "https://www.chess.com"]

[Event "Titled Tuesday Blitz August 22 Early 2023"]
[White "Lee, Addison"]
[Black "Maus7"]
[WhiteFideId "30924570"]
[WhiteElo "2215"]
[BlackElo "2456"]
[Result "0-1"]
[Round "2"]
[TimeControl "180+1"]
[Date "2023.08.22"]
[WhiteClock "0:02:11"]
[BlackClock "0:02:34"]
[Board "238"]

1. Nf3 Nf6 2. d4 d5 3. Bf4 e6 4. e3 Bd6 5. Bg3 O-O 6. Bd3 c5 7. c3 Qc7 8. Nbd2 Nbd7 9. Qe2 Re8 10. O-O Bxg3 11. hxg3 e5 12. dxe5 Nxe5 13. Nxe5 Qxe5 14. Nf3 Qh5 15. Rfd1 Bg4 16. Bb5 Re6 17. Rd2 Ne4 18. Rdd1 Rh6 0-1


[Site "https://www.chess.com"]

[Event "Titled Tuesday Blitz August 22 Early 2023"]
[White "Herman, Daniel"]
[Black "Clawitter, Craig"]
[WhiteFideId "30935008"]
[BlackFideId "2023105"]
[WhiteElo "2453"]
[BlackElo "2209"]
[Result "0-1"]
[Round "2"]
[TimeControl "180+1"]
[Date "2023.08.22"]
[WhiteClock "0:00:10"]
[BlackClock "0:00:51"]
[Board "239"]

1. c4 e6 2. d4 Nf6 3. g3 d5 4. Bg2 Be7 5. Nf3 O-O 6. O-O dxc4 7. Qc2 a6 8. a4 Bd7 9. Qxc4 Bc6 10. Nc3 b5 11. Qd3 b4 12. Nb1 Be4 13. Qd1 c5 14. Nbd2 Bb7 15. dxc5 Nbd7 16. Nb3 Nxc5 17. Nxc5 Bxc5 18. Bg5 a5 19. Rc1 Rc8 20. Qxd8 Rfxd8 21. Bxf6 gxf6 22. Rfd1 Bd5 23. Rxc5 Rxc5 24. e4 Rc2 25. exd5 Rxd5 26. Rxd5 exd5 27. Nd4 Rxb2 28. Nf5 Rb1+ 29. Bf1 b3 30. Ne3 b2 31. Kg2 Rxf1 0-1


[Site "https://www.chess.com"]

[Event "Titled Tuesday Blitz August 22 Early 2023"]
[White "Sailer, Mike"]
[Black "Rosh Jain"]
[WhiteFideId "2012901"]
[BlackFideId "25789465"]
[WhiteElo "2208"]
[BlackElo "2453"]
[Result "1-0"]
[Round "2"]
[TimeControl "180+1"]
[Date "2023.08.22"]
[WhiteClock "0:01:04"]
[BlackClock "0:00:15"]
[Board "240"]

1. e4 e5 2. d4 exd4 3. Qxd4 Nc6 4. Qe3 Nf6 5. Nc3 Bb4 6. Bd2 O-O 7. O-O-O Re8 8. Qg3 d6 9. Bd3 Be6 10. Nge2 a5 11. f4 Bxc3 12. Nxc3 Nb4 13. Kb1 a4 14. f5 Bd7 15. Bg5 a3 16. b3 Re5 17. h4 c6 18. h5 h6 19. Bxh6 Ne8 20. Bxg7 Nxg7 21. h6 Qf6 22. Rh4 Rc5 23. hxg7 Qxh4 24. Qxh4 Kxg7 1-0


[Site "https://www.chess.com"]

[Event "Titled Tuesday Blitz August 22 Early 2023"]
[White "Sliwicki, Damian"]
[Black "Larina, Maria"]
[WhiteFideId "1127128"]
[BlackFideId "24113182"]
[WhiteElo "2453"]
[BlackElo "2199"]
[Result "1-0"]
[Round "2"]
[TimeControl "180+1"]
[Date "2023.08.22"]
[WhiteClock "0:00:56"]
[BlackClock "0:01:20"]
[Board "241"]

1. e4 c6 2. Nc3 d5 3. Nf3 Bg4 4. h3 Bxf3 5. Qxf3 e6 6. d3 Nd7 7. Qg3 d4 8. Ne2 Qb6 9. c3 c5 10. Nf4 Ngf6 11. Be2 e5 12. Nh5 Nxh5 13. Bxh5 Nf6 14. Qxe5+ Be7 15. O-O O-O 16. Qxe7 Nxh5 17. Qh4 Qg6 18. f4 Ng3 19. f5 Qd6 20. Bf4 Qb6 21. Qxg3 Qxb2 22. f6 g6 23. c4 Rfe8 24. Rab1 Qxa2 25. Rxb7 Qe2 26. Re1 Qxg2+ 27. Kxg2 Rxe4 28. Rxe4 g5 29. Qxg5+ Kf8 30. Qh6+ Kg8 31. Ree7 Re8 32. Rxe8# 1-0


[Site "https://www.chess.com"]

[Event "Titled Tuesday Blitz August 22 Early 2023"]
[White "Arencibia Monduy, Antonio"]
[Black "ZeGood_ZeBad_ZeUgly"]
[WhiteFideId "3507939"]
[WhiteElo "2451"]
[BlackElo "2199"]
[Result "0-1"]
[Round "2"]
[TimeControl "180+1"]
[Date "2023.08.22"]
[WhiteClock "0:00:12"]
[BlackClock "0:00:50"]
[Board "242"]

1. e4 e5 2. Nf3 Nc6 3. Bc4 Bc5 4. d3 Nf6 5. c3 d6 6. Bb3 a6 7. Nbd2 h6 8. h3 Qe7 9. Nf1 Be6 10. Ng3 g5 11. Bxe6 fxe6 12. d4 exd4 13. cxd4 Bb4+ 14. Bd2 d5 15. e5 Ne4 16. O-O Nxd2 17. Nxd2 Nxd4 18. Nb3 Nxb3 19. Qxb3 O-O-O 20. Rac1 Kb8 21. Nh5 Qf7 22. Qxb4 Qxh5 23. Qe7 c6 24. Qxe6 Qe8 25. Qf6 Qf8 26. Qg6 Qe8 27. Qxe8 Rhxe8 28. Rfe1 Re6 29. g3 Rf8 30. Rc2 h5 31. Kg2 g4 32. hxg4 hxg4 33. Rd2 Rf5 34. Rd4 Rfxe5 35. Rxe5 Rxe5 36. Rxg4 Re2 37. Rb4 c5 38. Rb3 c4 39. g4 cxb3 0-1


[Site "https://www.chess.com"]

[Event "Titled Tuesday Blitz August 22 Early 2023"]
[White "Zeck_CH"]
[Black "SergioMoralesG"]
[WhiteElo "2181"]
[BlackElo "2449"]
[Result "1-0"]
[Round "2"]
[TimeControl "180+1"]
[Date "2023.08.22"]
[WhiteClock "0:00:13"]
[BlackClock "0:00:07"]
[Board "244"]

1. e4 c5 2. g3 Nc6 3. Bg2 g6 4. Ne2 Bg7 5. O-O e6 6. c3 d5 7. exd5 exd5 8. d4 c4 9. b3 cxb3 10. axb3 Nge7 11. Ba3 O-O 12. Nf4 Re8 13. Re1 Bf5 14. Nxd5 Nxd5 15. Rxe8+ Qxe8 16. Bxd5 Rd8 17. Bg2 Nxd4 18. cxd4 Bxd4 19. Qc1 Bxa1 20. Nd2 Qe2 21. Bb4 Bd4 22. Qf1 Re8 23. Bxb7 Bh3 24. Bg2 Bxg2 25. Kxg2 Bb6 26. Nf3 Qxf1+ 27. Kxf1 Rc8 28. Bd2 Rc2 29. Ke2 Rb2 30. b4 h5 31. h4 Kf8 32. Ke1 Ke7 33. Ke2 f6 34. Ne1 Rb3 35. Nd3 Ke6 36. Nf4+ Kf7 37. Nd3 Bc7 38. Nc5 Rb2 39. Nd3 Rb3 40. Nc5 Rb1 41. Nd3 Bb6 42. Kf3 Ke6 43. Ke2 Kf7 44. Nf4 Rb3 45. Nd3 Rb2 46. Nxb2 Ke6 47. Nd3 Bd4 48. Be3 Bc3 49. Bxa7 Kd5 50. Bc5 Kc4 51. Be7 f5 52. Nf4 Bxb4 53. Bxb4 Kxb4 54. Nxg6 Kc5 55. Ne7 Kd6 56. Nxf5+ Ke6 57. Ne3 Kf6 58. Kf3 Kg6 59. g4 Kh6 60. g5+ Kg6 61. Kg3 1-0


[Site "https://www.chess.com"]

[Event "Titled Tuesday Blitz August 22 Early 2023"]
[White "Balla, Tamas-Kristof"]
[Black "Tharushi, T H D Niklesha"]
[WhiteFideId "1208497"]
[BlackFideId "9918264"]
[WhiteElo "2448"]
[BlackElo "2167"]
[Result "1/2-1/2"]
[Round "2"]
[TimeControl "180+1"]
[Date "2023.08.22"]
[WhiteClock "0:00:03"]
[BlackClock "0:00:10"]
[Board "245"]

1. e4 c5 2. c3 Nf6 3. e5 Nd5 4. d4 cxd4 5. Nf3 e6 6. cxd4 d6 7. a3 Nc6 8. Bd3 dxe5 9. dxe5 Bc5 10. O-O Qb6 11. Qe2 Nd4 12. Nxd4 Bxd4 13. Bb5+ Bd7 14. Bxd7+ Kxd7 15. Rd1 Ke7 16. Bg5+ f6 17. exf6+ gxf6 18. Nc3 Nxc3 19. bxc3 Bxf2+ 20. Kf1 fxg5 21. Rab1 Rhf8 22. Rxb6 Bxb6+ 23. Ke1 Bf2+ 24. Kd2 Rad8+ 25. Kc2 Rxd1 26. Qxd1 Bc5 27. Qh5 Kd6 28. Qxg5 Bxa3 29. Kb3 Bc5 30. Qg7 Rf1 31. Qxh7 Rg1 32. g3 a5 33. Kc4 Re1 34. Qd3+ Kc6 35. Qf3+ Kb6 36. Qh5 Re4+ 37. Kb3 a4+ 38. Ka2 Kb5 39. Qf3 Rc4 40. Qxb7+ Bb6 41. Qd7+ Ka5 42. Qxe6 Rxc3 43. Qe1 Kb4 44. h4 Bd4 45. Kb1 Ka3 46. Qe7+ Bc5 47. Qe1 Kb3 48. Qd1+ Ka3 49. h5 Be3 50. Qd6+ Kb3 51. Qb8+ Kc4 52. Qc8+ Kb3 53. Qe6+ Kb4 54. Qd6+ Kb3 55. Qd5+ Ka3 56. Qd6+ Kb3 1/2-1/2


[Site "https://www.chess.com"]

[Event "Titled Tuesday Blitz August 22 Early 2023"]
[White "Sai Han Thiha"]
[Black "Benevides Demasi, Joao Otavio"]
[WhiteFideId "13012290"]
[BlackFideId "30916224"]
[WhiteElo "2447"]
[BlackElo "2163"]
[Result "1-0"]
[Round "2"]
[TimeControl "180+1"]
[Date "2023.08.22"]
[WhiteClock "0:00:39"]
[BlackClock "0:00:07"]
[Board "246"]

1. Nf3 d6 2. d4 g6 3. g3 Bg7 4. Bg2 Nf6 5. b3 O-O 6. Bb2 c5 7. O-O Nc6 8. d5 Na5 9. c4 Re8 10. Nfd2 a6 11. e4 b5 12. Nc3 bxc4 13. bxc4 Rb8 14. Rb1 e6 15. Qc2 exd5 16. cxd5 Qc7 17. h3 h5 18. f4 c4 19. Kh1 Qc5 20. Nf3 Bd7 21. Ng5 h4 22. g4 Bxg4 23. hxg4 Nxg4 24. Nd1 c3 25. Bxc3 Rxb1 26. Qxb1 Bxc3 27. Qc2 Bd4 28. Qe2 Nf2+ 29. Nxf2 Bxf2 30. Rxf2 Qc1+ 31. Rf1 Qc5 32. f5 gxf5 33. Rxf5 Qc1+ 34. Kh2 Nb7 35. Qh5 1-0


[Site "https://www.chess.com"]

[Event "Titled Tuesday Blitz August 22 Early 2023"]
[White "Harriott, Tyrell"]
[Black "campochess"]
[WhiteFideId "2086484"]
[WhiteElo "2442"]
[BlackElo "2155"]
[Result "1/2-1/2"]
[Round "2"]
[TimeControl "180+1"]
[Date "2023.08.22"]
[WhiteClock "0:00:07"]
[BlackClock "0:00:18"]
[Board "247"]

1. d4 Nf6 2. e3 e6 3. Bd3 b6 4. f4 Bb7 5. Nf3 c5 6. c3 d6 7. O-O Nbd7 8. Nbd2 Be7 9. a3 O-O 10. e4 cxd4 11. cxd4 Rc8 12. e5 Nd5 13. Ne4 f5 14. Neg5 Bxg5 15. Nxg5 Qe7 16. Qe2 dxe5 17. fxe5 h6 18. Nh3 b5 19. Bxb5 N7b6 20. Bd2 Rf7 21. b4 Nc7 22. Bd3 Rd8 23. Bc3 Ncd5 24. Bb2 Qh4 25. Rac1 Rc7 26. Rxc7 Nxc7 27. Nf4 Qe7 28. Qh5 Qe8 29. Qxe8+ Rxe8 30. Rc1 Re7 31. Bc4 g5 32. Ng6 Rd7 33. h4 Kg7 34. h5 Nxc4 35. Rxc4 Nd5 36. a4 Ne3 37. Rc1 Nxg2 38. b5 Ne3 39. a5 Nd5 40. Ba1 g4 41. a6 Ba8 42. Rc8 Nb6 43. Re8 Bd5 44. Re7+ Rxe7 45. Nxe7 Kf7 46. Ng6 Bc4 47. Bc3 Bxb5 48. Bd2 Bxa6 49. Bxh6 Nd7 50. Bg5 f4 51. Bxf4 Bd3 52. Nh4 a5 53. Bc1 a4 54. Ba3 Nb6 55. Ng2 Nc4 56. Bb4 a3 57. Bxa3 Nxa3 58. Ne3 Nc2 59. Nxg4 Nxd4 60. Kf2 Nc6 61. Ke3 Bf5 62. Kf4 Bxg4 63. Kxg4 Nxe5+ 64. Kg5 Nd7 65. Kh6 Nf8 66. Kg5 e5 67. Kf5 e4 68. Kxe4 Kf6 69. Kf4 Nh7 70. Kg4 Kg7 71. Kf4 Kh6 72. Kg4 Nf6+ 73. Kh4 Nxh5 1/2-1/2


[Site "https://www.chess.com"]

[Event "Titled Tuesday Blitz August 22 Early 2023"]
[White "Kowalysko, Roman"]
[Black "JERO-8914"]
[WhiteFideId "30918510"]
[WhiteElo "2155"]
[BlackElo "2440"]
[Result "1/2-1/2"]
[Round "2"]
[TimeControl "180+1"]
[Date "2023.08.22"]
[WhiteClock "0:01:37"]
[BlackClock "0:01:40"]
[Board "248"]

1. d4 d5 2. c4 dxc4 3. e3 Nf6 4. Bxc4 e6 5. Nf3 a6 6. O-O c5 7. a4 Nc6 8. Qe2 cxd4 9. Rd1 Be7 10. exd4 O-O 11. Nc3 Nb4 12. Bg5 b6 13. Ne5 Bb7 14. Rac1 Rc8 15. Bb3 Nbd5 16. Nxd5 Nxd5 17. Rxc8 Qxc8 18. Bxe7 Nxe7 19. Qg4 Ng6 20. Nxg6 hxg6 21. h3 Rd8 22. d5 exd5 23. Qxc8 Rxc8 24. Bxd5 Rd8 25. Bf3 Rxd1+ 26. Bxd1 a5 27. g3 Kf8 28. Kf1 Ke7 29. Ke2 Kd6 30. Kd3 Kc5 31. Kc3 g5 32. Bh5 f6 33. Be8 Ba6 34. h4 gxh4 35. gxh4 Kd5 36. b4 axb4+ 37. Kxb4 Ke4 38. Bc6+ Kf4 39. h5 Kg5 40. Be8 Kf4 41. a5 bxa5+ 42. Kxa5 Be2 43. Kb4 Kf3 44. Kc5 Kxf2 45. Kd6 Kg3 46. Ke6 Kh4 47. h6 gxh6 48. Kxf6 Bh5 49. Bxh5 Kxh5 50. Kf5 Kh4 51. Kf4 Kh3 52. Kf3 Kh2 53. Kf2 h5 54. Kf1 h4 55. Kf2 Kh1 56. Kf1 h3 57. Kf2 Kh2 58. Kf1 Kg3 59. Kg1 Kg4 60. Kh1 Kh4 61. Kh2 Kg4 62. Kh1 Kh4 63. Kg1 Kg4 64. Kh2 Kh4 65. Kh1 Kg4 66. Kg1 Kh4 67. Kf2 Kg5 68. Kg3 Kf6 69. Kh2 Ke7 70. Kg3 Kd8 71. Kf2 Kc7 72. Kg1 Kb6 73. Kh1 Ka5 74. Kh2 Ka4 75. Kg3 Ka3 76. Kf2 Ka2 77. Kg1 Ka1 78. Kh1 Kb1 79. Kh2 Kc1 80. Kh1 Kb2 81. Kg1 Kc3 82. Kh2 Kb4 83. Kg3 Kc5 84. Kf2 Kb6 85. Kg1 Kc7 86. Kh2 Kb8 87. Kg3 Ka7 88. Kf2 Ka6 89. Kf3 Kb5 90. Kf2 Ka4 91. Kf1 Kb3 92. Kg1 Ka2 93. Kh1 Kb1 94. Kg1 Kc2 95. Kh2 Kd3 96. Kg3 Ke4 97. Kxh3 1/2-1/2


[Site "https://www.chess.com"]

[Event "Titled Tuesday Blitz August 22 Early 2023"]
[White "WindWhistler11"]
[Black "ArmanGhevondyanchess"]
[WhiteElo "2439"]
[BlackElo "2153"]
[Result "1-0"]
[Round "2"]
[TimeControl "180+1"]
[Date "2023.08.22"]
[WhiteClock "0:00:07"]
[BlackClock "0:00:20"]
[Board "249"]

1. Nf3 Nf6 2. c4 g6 3. b3 d5 4. Bb2 Bg7 5. g3 O-O 6. Bg2 c5 7. O-O dxc4 8. bxc4 Nc6 9. Nc3 b6 10. Ne5 Nxe5 11. Bxa8 Nxc4 12. Bc1 Bh3 13. Bg2 Bxg2 14. Kxg2 Nd5 15. Qb3 Nxc3 16. dxc3 Qa8+ 17. Kg1 Qe4 18. Re1 Ne5 19. Bf4 Nc6 20. Rad1 Na5 21. Qd5 Qa4 22. Be5 e6 23. Qd6 Nc4 24. Bxg7 Nxd6 25. Bxf8 Kxf8 26. Rxd6 Qxa2 27. Rd7 a5 28. Rb7 Qb3 29. e4 e5 30. Kf1 a4 31. Ra7 b5 32. Re3 c4 33. Rf3 f5 34. exf5 Qb1+ 35. Kg2 gxf5 36. Re3 e4 37. f3 Qc1 38. Re2 Qd1 39. Kf2 Qd5 40. Rc7 Qd6 41. Rc8+ Kg7 42. fxe4 f4 43. e5 Qb6+ 44. Kf1 Qb7 45. Rd8 Qh1+ 46. Kf2 Qxh2+ 47. Kf1 Qh1+ 48. Kf2 Qh2+ 49. Kf1 Qxg3 50. Rg2 b4 51. Rxg3+ fxg3 52. cxb4 h5 53. Rd4 a3 54. Rxc4 a2 55. Rc1 h4 56. Kg2 h3+ 57. Kxh3 g2 58. Kxg2 a1=Q 59. Rxa1 Kf7 60. Rd1 Ke6 61. b5 Kxe5 62. b6 Ke4 63. b7 Ke3 64. b8=Q 1-0


[Site "https://www.chess.com"]

[Event "Titled Tuesday Blitz August 22 Early 2023"]
[White "Baruch, Liam"]
[Black "Vivas Zamora, Fabian Ernesto"]
[WhiteFideId "14322064"]
[BlackFideId "3902480"]
[WhiteElo "2142"]
[BlackElo "2439"]
[Result "1/2-1/2"]
[Round "2"]
[TimeControl "180+1"]
[Date "2023.08.22"]
[WhiteClock "0:00:04"]
[BlackClock "0:00:19"]
[Board "250"]

1. e4 c5 2. Nf3 d6 3. d4 cxd4 4. Nxd4 Nf6 5. Nc3 g6 6. Be2 Bg7 7. O-O O-O 8. Re1 Bd7 9. Bf1 Nc6 10. Nd5 Nxd5 11. Nxc6 bxc6 12. exd5 cxd5 13. Qxd5 Rb8 14. c3 Be6 15. Qf3 Qa5 16. a3 Rfc8 17. Bg5 Qxg5 18. Ba6 Rc5 19. Re3 Rxb2 20. Rae1 h5 21. h4 Qxh4 22. Bd3 Rxc3 23. Re4 Rxd3 24. Rxh4 Rxf3 25. gxf3 Rb3 26. Ra4 a5 27. Rxa5 Bd4 28. Ra8+ Kg7 29. Rd1 Bc5 30. a4 Rxf3 31. Rd2 Ra3 32. a5 Bc4 33. Kh2 d5 34. Kg2 Bb4 35. Rd1 Rxa5 36. Re8 e6 37. Rc8 Rc5 38. Rb8 Bc3 39. Rbb1 d4 40. Kh2 Bd5 41. Rbc1 e5 42. Rd3 Be4 43. Rg3 d3 44. Rd1 d2 45. Re3 Bc2 46. Rxc3 Rxc3 47. Rxd2 Bf5 48. Kg2 h4 49. Kh2 g5 50. f4 exf4 51. Rg2 g4 52. Kg1 g3 53. Re2 f3 54. Re1 f2+ 55. Kg2 fxe1=Q 1/2-1/2


[Site "https://www.chess.com"]

[Event "Titled Tuesday Blitz August 22 Early 2023"]
[White "MateoReyes"]
[Black "Johnson, Ben"]
[BlackFideId "2010917"]
[WhiteElo "2438"]
[BlackElo "2142"]
[Result "1-0"]
[Round "2"]
[TimeControl "180+1"]
[Date "2023.08.22"]
[WhiteClock "0:00:08"]
[BlackClock "0:00:11"]
[Board "251"]

1. Nf3 d5 2. d4 Nf6 3. c4 e6 4. Nc3 Bb4 5. Bg5 dxc4 6. e3 h6 7. Bxf6 Qxf6 8. Bxc4 O-O 9. O-O c5 10. Ne4 Qe7 11. a3 Ba5 12. dxc5 Bc7 13. b4 b6 14. Rc1 bxc5 15. Nxc5 a5 16. Qc2 axb4 17. axb4 Bd6 18. Bb3 Na6 19. Qc3 Rb8 20. Nd4 Qf6 21. Ne4 Qe7 22. Nxd6 Qxd6 23. b5 Nb4 24. Rfd1 Qe7 25. Nc6 Nxc6 26. bxc6 e5 27. e4 h5 28. Bd5 h4 29. h3 Rb4 30. Rb1 Rxb1 31. Rxb1 Rd8 32. c7 Rf8 33. Rb8 Qg5 34. Kh1 Qf4 35. Qe3 Qf6 36. Qc5 Qf4 37. Qe3 Qf6 38. Bb7 Bxb7 39. Rxb7 Qc6 40. Ra7 Rc8 41. Qg5 f6 42. Qxh4 Rxc7 43. Ra1 Qc3 44. Rb1 Rc8 45. Qg4 Qc2 46. Rb7 Qc1+ 47. Kh2 Qf4+ 48. Qxf4 exf4 49. h4 Kh7 50. Kh3 Kh6 51. Kg4 Rc2 52. Kf3 g5 53. hxg5+ fxg5 54. e5 Kh5 55. Rh7+ Kg6 56. Rh1 Rc3+ 57. Kg4 Rc2 58. Rf1 Re2 59. g3 fxg3 60. Kxg3 Rxe5 61. f3 Rf5 62. Rb1 Rf6 63. Rb5 Rc6 64. Kg4 Rf6 65. Rxg5+ Kf7 66. Rf5 Kg7 67. Rxf6 Kxf6 68. Kf4 Kg6 69. Ke5 Kf7 70. Kf5 Ke7 71. Kg6 Ke6 72. f4 Ke7 73. f5 Kf8 74. Kf6 Kg8 75. Ke7 Kg7 76. f6+ Kg6 77. f7 1-0


[Site "https://www.chess.com"]

[Event "Titled Tuesday Blitz August 22 Early 2023"]
[White "Cagara, Paulina"]
[Black "Mrudul Dehankar"]
[WhiteFideId "1124870"]
[BlackFideId "25096990"]
[WhiteElo "2129"]
[BlackElo "2437"]
[Result "0-1"]
[Round "2"]
[TimeControl "180+1"]
[Date "2023.08.22"]
[WhiteClock "0:00:54"]
[BlackClock "0:00:40"]
[Board "252"]

1. e4 c6 2. d4 d5 3. exd5 cxd5 4. Bd3 Nc6 5. c3 Qc7 6. Ne2 Nf6 7. Bf4 Qb6 8. Qb3 Qd8 9. h3 g6 10. Na3 Bg7 11. Nb5 O-O 12. O-O a6 13. Na3 b5 14. Nc2 Na5 15. Qa3 Nc4 16. Bxc4 dxc4 17. Ne3 Bb7 18. Ng3 Nd5 19. Nxd5 Qxd5 20. f3 Rfe8 21. Rfe1 a5 22. Rxe7 b4 23. Rxe8+ Rxe8 24. Qa4 Bc6 25. Qc2 Bxd4+ 26. cxd4 Qxd4+ 27. Be3 Rxe3 28. Qf2 Qe5 29. Nf1 Re2 30. Qb6 Qxb2 31. Rd1 Rxg2+ 32. Kh1 Bxf3 33. Rd8+ Kg7 34. Qd4+ Qxd4 35. Rxd4 Rd2+ 36. Kg1 Rxd4 0-1


[Site "https://www.chess.com"]

[Event "Titled Tuesday Blitz August 22 Early 2023"]
[White "LeoLV10"]
[Black "knightinshiningarmour16"]
[WhiteElo "2436"]
[BlackElo "2129"]
[Result "1-0"]
[Round "2"]
[TimeControl "180+1"]
[Date "2023.08.22"]
[WhiteClock "0:00:56"]
[BlackClock "0:01:38"]
[Board "253"]

1. e4 c6 2. d4 d5 3. e5 Bf5 4. g4 Bd7 5. Be2 e6 6. h4 c5 7. c3 cxd4 8. cxd4 Nc6 9. Nc3 Qb6 10. Nf3 h5 11. g5 g6 12. Rb1 Nge7 13. Be3 Nf5 14. O-O Bb4 15. Kg2 Qa5 16. Qb3 Qb6 17. Rfd1 O-O 18. a3 Ba5 19. Qxb6 Bxb6 20. b4 a6 21. Na4 Ba7 22. Nc5 Bc8 23. Bd3 Bxc5 24. bxc5 Rb8 25. Rb6 Bd7 26. Rdb1 Na5 27. Bd2 Nc6 28. Bxf5 gxf5 29. Rxb7 Rxb7 30. Rxb7 Bc8 31. Rc7 Nb8 32. g6 fxg6 33. Bh6 Re8 34. Rg7+ Kf8 35. Rb7+ Kg8 36. Rxb8 Kh7 37. Bg5 Bd7 38. Rb7 1-0


[Site "https://www.chess.com"]

[Event "Titled Tuesday Blitz August 22 Early 2023"]
[White "Eggleston, Thomas A"]
[Black "Flis, Pawel"]
[WhiteFideId "412139"]
[BlackFideId "1112864"]
[WhiteElo "2431"]
[BlackElo "2121"]
[Result "0-1"]
[Round "2"]
[TimeControl "180+1"]
[Date "2023.08.22"]
[WhiteClock "0:00:00"]
[BlackClock "0:00:23"]
[Board "254"]

1. d4 Nf6 2. c4 g6 3. Nc3 Bg7 4. e4 O-O 5. Be2 d6 6. h4 c5 7. d5 b5 8. cxb5 a6 9. b6 Qxb6 10. h5 e6 11. h6 Bh8 12. dxe6 Bxe6 13. Nf3 Nc6 14. O-O Rad8 15. Rb1 d5 16. e5 Ne4 17. Na4 Qa5 18. Bf4 Bf5 19. a3 Nxf2 20. b4 cxb4 21. Rxf2 Bxb1 22. Qxb1 Qxa4 23. axb4 Nxb4 24. Bd1 Qa3 25. Bc1 Qd3 26. Qxb4 Qxd1+ 27. Rf1 Qd3 28. Bg5 Rb8 29. Qe7 Rb1 30. Rxb1 Qxb1+ 31. Kh2 Qb8 32. Bf6 Re8 0-1


[Site "https://www.chess.com"]

[Event "Titled Tuesday Blitz August 22 Early 2023"]
[White "Floresvillar Gonzalez, Luis Migu"]
[Black "Rangel, Daniel"]
[WhiteFideId "5100542"]
[BlackFideId "2124475"]
[WhiteElo "2121"]
[BlackElo "2431"]
[Result "0-1"]
[Round "2"]
[TimeControl "180+1"]
[Date "2023.08.22"]
[WhiteClock "0:00:06"]
[BlackClock "0:01:18"]
[Board "255"]

1. e4 c5 2. d4 cxd4 3. c3 d3 4. Bxd3 d6 5. Nf3 e6 6. Bg5 Nf6 7. O-O Be7 8. e5 dxe5 9. Nxe5 Nbd7 10. Nf3 O-O 11. Qe2 Nc5 12. Bc2 Re8 13. Rd1 Qc7 14. Nbd2 Bd7 15. Bxf6 Bxf6 16. Ne4 Nxe4 17. Qxe4 g6 18. Rd2 Bc6 19. Qe2 Kg7 20. Rad1 h5 21. Nd4 Bd5 22. Be4 Bxa2 23. Nb5 Qc4 24. Bxb7 Qxe2 25. Rxe2 Rab8 26. Nd6 Re7 27. Bf3 Bb3 28. Ra1 Rd7 29. Ne4 Be7 30. Rd2 Rbd8 31. Rxd7 Rxd7 32. g3 f5 33. Nd2 Rxd2 34. Rxa7 Kf6 35. h4 Rxf2 36. Rxe7 Rxf3 37. Rb7 Bd5 38. Rb4 Rxg3+ 39. Kh2 Rg4 40. Rb6 Rxh4+ 41. Kg3 Rg4+ 42. Kh3 h4 43. b4 g5 44. Rb8 Rg3+ 45. Kh2 Rg2+ 46. Kh3 f4 47. c4 g4+ 48. Kxh4 Bf3 49. Rf8+ Ke5 50. Rxf4 Kxf4 51. c5 Rh2# 0-1


[Site "https://www.chess.com"]

[Event "Titled Tuesday Blitz August 22 Early 2023"]
[White "Kula, Robert"]
[Black "Rietze, Clemens, Dr."]
[WhiteFideId "1101218"]
[BlackFideId "24620351"]
[WhiteElo "2119"]
[BlackElo "2430"]
[Result "0-1"]
[Round "2"]
[TimeControl "180+1"]
[Date "2023.08.22"]
[WhiteClock "0:00:12"]
[BlackClock "0:00:19"]
[Board "256"]

1. d4 Nf6 2. c4 g6 3. Nc3 Bg7 4. e4 d6 5. Be2 O-O 6. Bg5 Na6 7. Qd2 c6 8. h4 h5 9. f3 e5 10. d5 cxd5 11. cxd5 Bd7 12. Nh3 Qa5 13. Nf2 b5 14. O-O b4 15. Ncd1 Rab8 16. Ne3 Bb5 17. Rfc1 Rfc8 18. Bxb5 Qxb5 19. Qd3 Qb7 20. Nc4 Nc5 21. Qe2 Qc7 22. b3 Nfd7 23. Be3 a5 24. Nd3 Nxd3 25. Qxd3 Nc5 26. Bxc5 Qxc5+ 27. Kh1 Qf2 28. Nxd6 Rd8 29. Nc4 Qxh4+ 30. Kg1 Qg3 31. Qe3 h4 32. Qf2 Qg5 33. Rc2 Ra8 34. Nb2 Bh6 35. Rac1 Qe3 36. Re1 Qg5 37. Kf1 Qf4 38. Rd1 Ra6 39. Nd3 Qh2 40. Nc5 Raa8 41. Ke2 Bf8 42. Nd3 Rdc8 43. Rdc1 Rxc2+ 44. Rxc2 a4 45. bxa4 Rxa4 46. Ne1 Bh6 47. Nd3 b3 48. axb3 Ra1 49. Ne1 Qh1 50. Qf1 Qh2 51. Qf2 Kh7 52. d6 Qf4 53. d7 Qf6 54. Rc8 Qa6+ 55. Rc4 Qd6 56. Kf1 Qxd7 57. Qxh4 Qd3+ 58. Kg1 Qe3+ 59. Kh2 Qf4+ 60. Qg3 Qxg3+ 61. Kxg3 Rxe1 62. Rc7 Bf4+ 63. Kf2 Rb1 64. Rxf7+ Kh6 65. Rb7 Kg5 66. Rb6 Rb2+ 67. Kg1 Be3+ 68. Kh2 Bxb6 69. Kh3 Rxb3 70. Kh2 Be3 71. Kh3 Rb2 72. g3 Kf6 73. Kg4 Bf2 74. f4 exf4 75. gxf4 Bd4 76. e5+ Kf7 77. Kg5 Rg2+ 78. Kh4 Rf2 79. Kg3 Be3 80. f5 gxf5 81. e6+ Kxe6 82. Kh4 Re2 83. Kg3 f4+ 84. Kf3 Rf2+ 85. Ke4 Rf1 86. Kd3 Bb6 87. Ke2 Rf2+ 88. Kd3 f3 89. Ke4 Kf6 90. Kf4 Rf1 91. Kg3 f2 92. Kg2 Rg1+ 93. Kh2 Rg8 94. Kh3 f1=Q+ 95. Kh2 Qg2# 0-1


[Site "https://www.chess.com"]

[Event "Titled Tuesday Blitz August 22 Early 2023"]
[White "Begunov, Konstantin"]
[Black "Nugumanov, Bakhtiyar"]
[WhiteFideId "4118510"]
[BlackFideId "13701797"]
[WhiteElo "2429"]
[BlackElo "2111"]
[Result "1-0"]
[Round "2"]
[TimeControl "180+1"]
[Date "2023.08.22"]
[WhiteClock "0:00:09"]
[BlackClock "0:00:00"]
[Board "257"]

1. d4 e6 2. c4 b6 3. Nc3 Bb4 4. Qb3 Bxc3+ 5. Qxc3 Bb7 6. Nf3 Nf6 7. g3 O-O 8. Bg2 d6 9. O-O Ne4 10. Qc2 f5 11. Ng5 Qf6 12. Nxe4 fxe4 13. Bxe4 Nc6 14. e3 g6 15. Bd2 Rab8 16. Bc3 e5 17. d5 Ne7 18. f4 Qg7 19. fxe5 dxe5 20. Bg2 Nf5 21. Qe4 Rbe8 22. b3 Qh6 23. Rae1 a5 24. g4 Nd6 25. Rxf8+ Qxf8 26. Qf3 Qe7 27. Rf1 Bc8 28. h3 Kg7 29. Kh2 Bd7 30. Kg3 a4 31. h4 axb3 32. axb3 Ra8 33. g5 Nf5+ 34. Kh2 Qd6 35. Bh3 Kg8 36. e4 Rf8 37. exf5 gxf5 38. Kh1 Bc8 39. Qh5 e4 40. g6 hxg6 41. Rg1 1-0


[Site "https://www.chess.com"]

[Event "Titled Tuesday Blitz August 22 Early 2023"]
[White "Seifert, Henryk"]
[Black "Girsh, Daniel"]
[WhiteFideId "1100963"]
[BlackFideId "30949190"]
[WhiteElo "2110"]
[BlackElo "2427"]
[Result "0-1"]
[Round "2"]
[TimeControl "180+1"]
[Date "2023.08.22"]
[WhiteClock "0:00:00"]
[BlackClock "0:01:20"]
[Board "258"]

1. e4 c6 2. d4 d5 3. exd5 cxd5 4. Bd3 Nc6 5. c3 Nf6 6. Bf4 g6 7. Nf3 Bg7 8. O-O O-O 9. Re1 Bg4 10. Nbd2 Qb6 11. Qb3 e6 12. Qxb6 axb6 13. Ne5 Nxe5 14. Bxe5 Bf5 15. Bb5 Ne4 16. Nxe4 Bxe4 17. Bc7 Rfc8 18. Bxb6 Kh8 19. f3 Bc2 20. a4 g5 21. Re2 Bb3 22. Ra3 Bc4 23. Bd7 Bxe2 24. Bxc8 Rxc8 25. b4 e5 26. Kf2 Bc4 27. Ke3 exd4+ 28. cxd4 Re8+ 29. Kf2 Re2+ 30. Kg3 Bf8 31. Bc5 Bxc5 32. dxc5 f5 33. b5 Rc2 34. c6 bxc6 35. b6 Ba6 36. Rb3 Bb7 37. a5 Ra2 38. Re3 f4+ 0-1


[Site "https://www.chess.com"]